 Dungeon Crawl Stone Soup version 0.25-a0-339-gb37b713d4c (webtiles) character file.

Game seed: 16945205717745031766, levelgen mode: deterministic

2545 night the Destroyer (level 9, 0/65 HPs)
             Began as a Gnoll Conjurer on Dec 28, 2019.
             Was an Initiate of Cheibriados.
             Slain by a yak (12 damage)
             ... on level 7 of the Dungeon.
             The game lasted 00:17:29 (7332 turns).

night the Destroyer (Gnoll Conjurer)                Turns: 7332, Time: 00:17:30

Health: 0/65       AC:  4    Str: 15    XL:     9   Next: 55%
Magic:  7/19       EV: 17    Int: 23    God:    Cheibriados [......]
Gold:   358        SH:  0    Dex: 21    Spells: 7/21 levels left

rFire    . . .     SeeInvis .   w - +12 trident of the Crypt {venom, *Drain Str+4 Dex+5}
rCold    . . .     Gourm    .   (no shield)
rNeg     . . .     Faith    +   n - +0 robe
rPois    .         Spirit   .   e - +0 helmet
rElec    .         Reflect  .   (no cloak)
rCorr    .         Harm     .   o - +0 pair of gloves
MR       .....                  (no boots)
Stlth    ++++......             C - amulet of faith
HPRegen  0.20/turn              (no ring)
MPRegen  0.16/turn              (no ring)

@: very slow
A: distributed training, fangs 1, strong nose
a: Bend Time, Renounce Religion


You were on level 7 of the Dungeon.
You worshipped Cheibriados.
Cheibriados was noncommittal.
You were near starving.

You visited 2 branches of the dungeon, and saw 8 of its levels.

You collected 358 gold pieces.

Inventory:

Hand Weapons
 a - a +3 trident of piercing
 w - the +12 trident of the Crypt (weapon) {venom, *Drain Str+4 Dex+5}
   (You found it on level 5 of the Dungeon)

   It poisons the flesh of those it strikes.
   It affects your strength (+4).
   It affects your dexterity (+5).
   It causes draining when unequipped.
Missiles
 b - 53 bolts
 g - 76 arrows
 h - 225 stones (quivered)
 l - 4 curare-tipped darts
 p - 16 boomerangs
 r - 54 sling bullets
 E - 14 poisoned darts
Armour
 e - a +0 helmet (worn)
 n - a +0 robe (worn)
 o - a +0 pair of gloves (worn)
Jewellery
 C - an amulet of faith (around neck)
Wands
 G - a wand of paralysis (4)
Scrolls
 k - 5 scrolls of identify
 q - a scroll of teleportation
 s - a scroll of fog {unknown}
 u - 2 scrolls of blinking {unknown}
 v - a scroll of immolation {unknown}
 y - a scroll of vulnerability {unknown}
 z - 2 scrolls of enchant armour
 D - a scroll of enchant weapon
Potions
 d - 2 potions of flight
 f - 2 potions of agility
 i - 2 potions of lignification
 j - a potion of cancellation
 m - a potion of invisibility {unknown}
 t - a potion of haste {unknown}
 x - 4 potions of curing
 B - 3 potions of mutation {unknown}
Comestibles
 c - 8 rations


   Skills:
 + Level 4.3 Fighting
 + Level 4.3 Short Blades
 + Level 4.3 Long Blades
 + Level 4.3 Axes
 + Level 4.3 Maces & Flails
 + Level 4.3 Polearms
 + Level 4.3 Staves
 + Level 4.3 Slings
 + Level 4.3 Bows
 + Level 4.3 Crossbows
 + Level 4.3 Throwing
 + Level 4.3 Armour
 + Level 6.3 Dodging
 + Level 6.1 Stealth
 + Level 4.3 Shields
 + Level 4.3 Unarmed Combat
 + Level 6.6 Spellcasting
 + Level 8.0 Conjurations
 + Level 3.5 Hexes
 + Level 3.5 Charms
 + Level 3.5 Summonings
 + Level 3.5 Necromancy
 + Level 3.5 Translocations
 + Level 3.5 Transmutations
 + Level 3.5 Fire Magic
 + Level 3.5 Ice Magic
 + Level 3.5 Air Magic
 + Level 3.5 Earth Magic
 + Level 3.5 Poison Magic
 + Level 4.7 Invocations
 + Level 4.3 Evocations


You had 7 spell levels left.
You knew the following spells:

 Your Spells              Type           Power        Failure   Level  Hunger
a - Magic Dart            Conj           ####         1%          1    None
b - Searing Ray           Conj           #####.       1%          2    None
c - Iskenderun's Mystic   Conj/Tloc      ####....     8%          4    ###....
d - Fulminant Prism       Conj/Hex       ####......   8%          4    ###....
f - Dazzling Flash        Conj/Hex       ####..       2%          3    None

Your spell library contained the following spells:

 Spells                   Type           Power        Failure   Level  Hunger


Dungeon Overview and Level Annotations

Branches:
Dungeon (7/15)             Temple (1/1) D:7

Altars:
Ashenzari
Cheibriados
Dithmenos
Elyvilon
Fedhas
Gozag
Hepliaklqana
Kikubaaqudgha
Makhleb
Nemelex Xobeh
Okawaru
Qazlal
Ru
Sif Muna
Trog
Uskayaw
Vehumet
Wu Jian
Xom
Yredelemnul
Zin
The Shining One


Innate Abilities, Weirdness & Mutations

Your experience applies equally to all skills.
You have very sharp teeth.
Your uncanny sense of smell can sniff out nearby items.


Message History

Casting: Iskenderun's Mystic Blast (safe; 8% risk of failure)
Confirm with . or Enter, or press ? or * to list all spells.
You erupt in a blast of force!
The mystic blast hits the yak!
The yak is moderately wounded.
The yak is knocked back by the mystic blast.
The mystic blast misses the yak.
The mystic blast hits the yak.
The yak is moderately wounded.
The yak closely misses you.
Casting: Iskenderun's Mystic Blast (safe; 8% risk of failure)
Confirm with . or Enter, or press ? or * to list all spells.
You erupt in a blast of force!
The mystic blast misses the yak. x2
The mystic blast hits the yak but does no damage.
The yak is moderately wounded.
The yak gores you!
* * * LOW HITPOINT WARNING * * *
You hit the yak but do no damage.
The yak is poisoned.
You bite the yak, but do no damage.
The yak is moderately wounded.
The yak gores you!
You die...

.Y.Y #YY# Y..##### .....##
#....# #### #..# # ###..##
##..# #
#.....##########..## #
#..##..##....@YYY.# #.. #
#.#####..######Y.## #.. #
#.# #### #### #.# # #.# #.#
# #.# #.# # ##.# #.#
###..## ############# ##.#
.##...###...........####.<#
...##................##...#


You could see 4 yaks.

Vanquished Creatures
  Pikel (D:6)
  A hippogriff (D:7)
  2 yaks (D:7)
  Menkaure (D:7)
  A slave (D:6)
  A phantom (D:5)
  2 ogres (D:5)
  A centaur (D:5)
  A bullfrog (D:7)
  3 scorpions
  4 wights (D:5)
  3 bullfrog zombies
  A centaur skeleton (D:4)
  4 hounds
  3 orc wizards (D:5)
  A bullfrog skeleton (D:6)
  Terence (D:3)
  5 worker ants
  8 gnolls
  11 adders
  A shadow imp (D:4)
  3 oozes
  An adder skeleton (D:6)
  A worm (D:5)
  2 dart slugs
  7 leopard geckos
  16 orcs
  5 bats
  7 giant cockroaches
  2 goblins
  5 hobgoblins
  14 jackals
  3 kobolds
  4 quokkas
  2 ball pythons (D:5)
  4 frilled lizards
  3 rats
135 creatures vanquished.

Vanquished Creatures (others)
  A fulminant prism (D:5)
1 creature vanquished.

Grand Total: 136 creatures vanquished

Notes
Turn   | Place    | Note
-------+----------+-------------------------------------------
     0 | D:1      | night the Gnoll Conjurer began the quest for the Orb.
     0 | D:1      | Reached XP level 1. HP: 13/13 MP: 6/6
   203 | D:1      | Reached XP level 2. HP: 19/19 MP: 3/7
   244 | D:1      | Learned a level 2 spell: Searing Ray
   942 | D:2      | Reached skill level 5 in Spellcasting
   942 | D:2      | Reached XP level 3. HP: 25/25 MP: 5/9
  1077 | D:2      | Reached skill level 1 in Invocations
  1307 | D:2      | Reached skill level 1 in Fighting
  1307 | D:2      | Reached skill level 1 in Short Blades
  1307 | D:2      | Reached skill level 1 in Long Blades
  1307 | D:2      | Reached skill level 1 in Axes
  1307 | D:2      | Reached skill level 1 in Maces & Flails
  1307 | D:2      | Reached skill level 1 in Polearms
  1307 | D:2      | Reached skill level 1 in Staves
  1307 | D:2      | Reached skill level 1 in Slings
  1307 | D:2      | Reached skill level 1 in Bows
  1307 | D:2      | Reached skill level 1 in Crossbows
  1307 | D:2      | Reached skill level 1 in Throwing
  1307 | D:2      | Reached skill level 1 in Armour
  1307 | D:2      | Reached skill level 1 in Shields
  1307 | D:2      | Reached skill level 1 in Unarmed Combat
  1307 | D:2      | Reached skill level 1 in Evocations
  1344 | D:2      | Reached XP level 4. HP: 31/32 MP: 8/11
  1641 | D:3      | Learned a level 3 spell: Dazzling Flash
  1646 | D:3      | Learned a level 4 spell: Iskenderun's Mystic Blast
  1653 | D:3      | Reached skill level 1 in Hexes
  1653 | D:3      | Reached skill level 1 in Charms
  1653 | D:3      | Reached skill level 1 in Summonings
  1653 | D:3      | Reached skill level 1 in Necromancy
  1653 | D:3      | Reached skill level 1 in Translocations
  1653 | D:3      | Reached skill level 1 in Transmutations
  1653 | D:3      | Reached skill level 1 in Fire Magic
  1653 | D:3      | Reached skill level 1 in Ice Magic
  1653 | D:3      | Reached skill level 1 in Air Magic
  1653 | D:3      | Reached skill level 1 in Earth Magic
  1653 | D:3      | Reached skill level 1 in Poison Magic
  1771 | D:3      | Reached XP level 5. HP: 13/37 MP: 0/12
  2514 | D:3      | You fall into a shaft and drop 1 floor!
  2591 | D:4      | Reached XP level 6. HP: 42/44 MP: 8/13
  2648 | D:4      | Found a sacrificial altar of Ru.
  2807 | D:4      | Reached skill level 5 in Dodging
  2975 | D:3      | Noticed Terence
  3000 | D:3      | Killed Terence
  3408 | D:4      | Learned a level 4 spell: Fulminant Prism
  3443 | D:4      | Reached XP level 7. HP: 50/50 MP: 11/15
  3857 | D:5      | Entered Level 5 of the Dungeon
  4343 | D:5      | Reached skill level 5 in Stealth
  4608 | D:5      | Reached XP level 8. HP: 57/57 MP: 9/16
  4847 | D:5      | Got a jewelled trident
  4848 | D:5      | Identified the +12 trident of the Crypt {venom, *Drain
                  | Str+4 Dex+5} (You found it on level 5 of the Dungeon)
  5827 | D:6      | Noticed Pikel
  5843 | D:6      | Paralysed by Pikel for 4 turns
  5847 | D:6      | Killed Pikel
  5847 | D:6      | Reached XP level 9. HP: 54/65 MP: 9/18
  6355 | D:7      | Found a staircase to the Ecumenical Temple.
  6362 | Temple   | Entered the Ecumenical Temple
  6601 | Temple   | Became a worshipper of Cheibriados the Contemplative
  6755 | D:7      | Noticed Menkaure
  6991 | D:7      | Killed Menkaure
  7320 | D:7      | Reached skill level 8 in Conjurations
  7332 | D:7      | Slain by a yak

Levels and vault maps discovered:
D:1:      dpeg_arrival_tiny_k, layout_loops_corners
D:2:      layout_rooms, first_ration, kennysheep_generic_room_7
D:3:      layout_rooms, uniq_terence
D:4:      layout_gridville, marbit_many_paths
D:5:      layout_loops_ring
D:6:      layout_gridville, uniq_pikel
D:7:      layout_layer_cave, minmay_temple_entry_wispy, uniq_menkaure
Temple:   compressed_dpeg_triangle_lava_temple

Skill      XL: |  1  2  3  4  5  6  7  8  9 |
---------------+----------------------------+-----
Spellcasting   | 5 6 |  6.6
Invocations    | 1 2 3 4 |  4.7
Fighting       | 1 2 3 4 |  4.3
Short Blades   | 1 2 3 4 |  4.3
Long Blades    | 1 2 3 4 |  4.3
Axes           | 1 2 3 4 |  4.3
Maces & Flails | 1 2 3 4 |  4.3
Polearms       | 1 2 3 4 |  4.3
Staves         | 1 2 3 4 |  4.3
Slings         | 1 2 3 4 |  4.3
Bows           | 1 2 3 4 |  4.3
Crossbows      | 1 2 3 4 |  4.3
Throwing       | 1 2 3 4 |  4.3
Armour         | 1 2 3 4 |  4.3
Shields        | 1 2 3 4 |  4.3
Unarmed Combat | 1 2 3 4 |  4.3
Evocations     | 1 2 3 4 |  4.3
Hexes          | 1 2 3 |  3.5
Charms         | 1 2 3 |  3.5
Summonings     | 1 2 3 |  3.5
Necromancy     | 1 2 3 |  3.5
Translocations | 1 2 3 |  3.5
Transmutations | 1 2 3 |  3.5
Fire Magic     | 1 2 3 |  3.5
Ice Magic      | 1 2 3 |  3.5
Air Magic      | 1 2 3 |  3.5
Earth Magic    | 1 2 3 |  3.5
Poison Magic   | 1 2 3 |  3.5
Dodging        | 5 6 |  6.3
Stealth        | 5 6 |  6.1
Conjurations   | 8 |  8.0

Action                   |  1- 3 |  4- 6 |  7- 9 || total
-------------------------+-------+-------+-------++-------
Melee: Trident           |     1 |    47 |    94 ||   142
       Bite              |       |     5 |     6 ||    11
 Cast: Magic Dart        |    43 |    95 |    81 ||   219
       Searing Ray       |       |     7 |    10 ||    17
       Iskenderun's Myst |       |       |     5 ||     5
       Fulminant Prism   |       |       |     1 ||     1
  Use: Scroll            |       |     5 |     6 ||    11
 Stab: Sleeping          |       |       |     7 ||     7
  Eat: Chunk             |     1 |     7 |    11 ||    19
Armor: Robe              |       |    15 |     5 ||    20
Dodge: Dodged            |     2 |    57 |    55 ||   114

Table legend:
 A = Non-vault XP
 B = Vault XP
 C = Vault XP percentage of total XP
 D = Non-vault monster count
 E = Vault monster count
 F = Vault count percentage of total count
                 A         B        C        D         E       F
            +---------+---------+-------+---------+---------+-------
      Total |    2775 |     862 |  23.7 |     128 |       6 |   4.5
            +---------+---------+-------+---------+---------+-------
        D:1 |      24 |       0 |   0.0 |      13 |       0 |   0.0
        D:2 |      63 |       4 |   6.0 |      10 |       2 |  16.7
        D:3 |     140 |      36 |  20.5 |      34 |       1 |   2.9
        D:4 |     406 |      43 |   9.6 |      14 |       1 |   6.7
        D:5 |    1210 |       0 |   0.0 |      41 |       0 |   0.0
        D:6 |     166 |     607 |  78.5 |      10 |       1 |   9.1
        D:7 |     766 |     172 |  18.3 |       6 |       1 |  14.3
            +---------+---------+-------+---------+---------+-------
